 Dungeon Crawl Stone Soup version 0.22.0-75-g3901e79 (webtiles) character file.

35114 maniek23 the Fighter (level 13, -1/125 HPs)
             Began as a Minotaur Fighter on Sept 15, 2018.
             Was a High Priest of Trog.
             Slain by an orc knight
             ... wielding a +1 dire flail of draining
              (22 damage)
             ... on level 2 of the Orcish Mines.
             The game lasted 01:24:41 (14971 turns).

maniek23 the Fighter (Minotaur Fighter)            Turns: 14971, Time: 01:24:42

Health: -1/125     AC:  7    Str: 25    XL:     13   Next: 45%
Magic:  12/12      EV: 16    Int:  5    God:    Trog [*****.]
Gold:   947        SH: 11    Dex: 14    Spells: 12/12 levels left

rFire    . . .     SeeInvis .   q - +8 hand axe of Pilloj {drain, +Rage MR+}
rCold    . . .     Gourm    .   c - +0 shield
rNeg     . . .     Faith    .   (no armour)
rPois    .         Spirit   .   (helmet restricted)
rElec    .         Reflect  .   s - +0 cloak
rCorr    .         Harm     .   J - +1 pair of gloves {Dex+3}
MR       ++...                  X - +2 pair of boots
Stlth    +.........             (no amulet)
HPRegen  0.30/turn              M - ring of protection from magic
MPRegen  0.13/turn              U - +4 ring of slaying

@: lethally poisoned (-1 -> -2), berserk cooldown, drained
A: retaliatory headbutt, horns 2
a: Berserk, Trog's Hand, Brothers in Arms, Renounce Religion, Evoke Berserk Rage


You were on level 2 of the Orcish Mines.
You worshipped Trog.
Trog was extremely pleased with you.
You were not hungry.

You visited 3 branches of the dungeon, and saw 16 of its levels.

You collected 1740 gold pieces.
You spent 793 gold pieces at shops.

Inventory:

Hand Weapons
 a - a +1 long sword of electrocution
 i - a +3 hand axe of chopping
 q - the +8 hand axe of Pilloj (weapon) {drain, +Rage MR+}
   (You found it on level 13 of the Dungeon)

   A truly terrible weapon, it drains the life of those it strikes.
   It affects your resistance to hostile enchantments.
   It lets you go berserk.
 u - a +2 trident of venom
 y - a +1 flail of protection
 E - a +2 shortbow of freezing
 W - a +4 antimagic broad axe
Missiles
 e - 12 javelins
 x - 29 tomahawks (quivered)
 D - 6 javelins of penetration
 K - an exploding tomahawk
Armour
 c - a +0 shield (worn)
 s - a +0 cloak (worn)
 v - +0 steam dragon scales
 F - a +0 troll leather armour
 J - a +1 pair of gloves of dexterity (worn)
 O - +0 steam dragon scales
 X - a +2 pair of boots (worn)
 Y - a +4 chain mail of fire resistance
Jewellery
 b - an uncursed ring of ice
 k - an uncursed ring of stealth
 r - a +1 ring of evasion
 C - an uncursed ring of see invisible
 H - an uncursed ring of protection from fire
 I - an uncursed ring of ice
 M - a ring of protection from magic (left hand)
 U - a +4 ring of slaying (right hand)
Wands
 R - a wand of digging (6)
 V - a wand of random effects (12)
Scrolls
 g - 8 scrolls of remove curse
 l - 2 scrolls of identify
 m - a scroll of fog
 A - 2 scrolls of holy word
 N - a scroll of acquirement
 P - a scroll of summoning {unknown}
 T - 3 scrolls of blinking {unknown}
Potions
 d - 2 potions of might
 j - 3 potions of lignification
 n - 3 potions of magic
 o - a potion of cancellation {unknown}
 t - 2 potions of ambrosia {unknown}
 w - 3 potions of curing
 z - 4 potions of flight
 B - 4 potions of brilliance
 G - a potion of berserk rage
 L - 2 potions of mutation {unknown}
Comestibles
 f - 23 rations


   Skills:
 * Level 14.9(13.7) Fighting
 + Level 13.1(12.0) Axes
 - Level 2.5(8.0) Maces & Flails
 - Level 4.7(3.8) Throwing
 + Level 12.7(11.6) Armour
 * Level 10.5(9.4) Dodging
 * Level 8.0(7.0) Shields


You had 12 spell levels left.
You didn't know any spells.
Your spell library was empty.

Dungeon Overview and Level Annotations

Branches:
Dungeon (13/15)            Temple (1/1) D:6            Lair (0/6) D:10
    Orc (2/2) D:9             Elf (0/3) Orc:2        Vaults (0/5) D:13

Altars:
Ashenzari
Cheibriados
Dithmenos
Elyvilon
Fedhas
Gozag
Hepliaklqana
Kikubaaqudgha
Makhleb
Nemelex Xobeh
Okawaru
Qazlal
Ru
Sif Muna
Trog
Uskayaw
Vehumet
Wu Jian
Xom
Yredelemnul
Zin
The Shining One
Beogh

Shops:
D:4 !   D:7 *   D:9 }?[:   Orc:2 (


Innate Abilities, Weirdness & Mutations

You reflexively headbutt those who attack you in melee.
You have a pair of horns on your head.


Message History

* * * LOW HITPOINT WARNING * * *
The orc no longer looks unusually strong.
Your ogre hits the orc with a giant spiked club!!
The orc dies!
Trog accepts your kill.
The orc knight no longer looks unusually strong.
The orc priest looks encouraged for a moment.
Your ogre hits the orc priest with a giant spiked club!!!
The orc priest dies!
Trog accepts your kill.
You feel sick.
Your ogre rages.
The orc priest calls down the wrath of Beogh upon you.
Beogh smites you!
* * * LOW HITPOINT WARNING * * *
Your ogre barely misses the orc priest.
As you read the scroll of fog, it crumbles to dust.
The scroll dissolves into smoke.
The orc knight hits you with a dire flail of draining!!
You die...

##### ### ##.#.## ### ####.##
#...<.# ### ##.###.#...##
##...#####.#####...#...#...#
##...#.##....##..).........##
#.......##....##)))...#.....#
##.#.....#.§.#§.)))))......##
###......#§§ooO#).)#(#...##
###.#...§§@#..#..#.))....#
##........§§§§.#######)..##
##.........§.§..# ...o...#
##.....#....)....# ..#...#..
#..........).<...# o..o.....
##...#...........# o..#..
##...#.[[[......# o.....
##.###.........# ...#..
#####[))......#


You could see an orc knight, an orc priest and a friendly ogre (berserk).

Vanquished Creatures
  Josephine (D:11)
  An ettin (D:13)
  A hydra (D:11)
  3 vault guards (D:13)
  A death knight (D:13)
  A two-headed ogre (D:13)
  A tengu warrior (D:13)
  3 orc high priests
  Sonja (D:13)
  2 unseen horrors
  A flayed ghost (D:13)
  A wizard (D:13)
  4 orc knights
  2 ugly things (D:13)
  2 deep elf magi (D:13)
  2 cyclopes
  2 manticores (D:13)
  Psyche (D:9)
  A centaur zombie (D:10)
  A gargoyle (D:13)
  6 trolls
  A hornet (D:11)
  4 hippogriffs
  A spriggan (D:7)
  2 shadows
  A centaur simulacrum (D:13)
  25 yaks
  Sigmund (D:3)
  7 wraiths
  2 wyverns
  Grum (D:11)
  A vampire mosquito (D:13)
  Edmund (D:4)
  2 steam dragons
  A warg (Orc:2)
  5 hungry ghosts
  An acid dragon (D:13)
  A water moccasin (D:12)
  3 porcupines (D:10)
  4 phantoms
  3 ice beasts
  2 black bears
  2 necrophages
  18 orc warriors
  An eye of draining (D:13)
  2 wolves (D:11)
  2 sky beasts
  12 ogres
  6 centaurs
  The ghost of Ghost6211 the Chiller, an amateur DrIE of Sif Muna (D:3)
  3 crocodiles (D:10)
  9 bullfrogs
  A scorpion (D:8)
  A killer bee (D:10)
  2 vampire bats (D:8)
  A bullfrog zombie (D:9)
  5 crimson imps
  A bullfrog skeleton (D:5)
  35 orc priests
  4 hounds
  Crazy Yiuf (D:2)
  A gnoll shaman (D:8)
  3 jellies
  18 orc wizards
  4 centaur skeletons
  Jessica (D:3)
  An iguana (D:10)
  Terence (D:3)
  2 worker ants
  A hound zombie (D:5)
  A hound skeleton (D:4)
  4 gnolls (D:8)
  19 adders
  2 shadow imps
  2 oozes
  An adder zombie (D:7)
  An adder skeleton (D:9)
  3 worms
  3 dart slugs (D:1)
  3 leopard geckos
  91 orcs
  8 giant cockroaches
  7 goblins (D:1)
  10 hobgoblins
  9 jackals
  5 quokkas
  7 ball pythons
  10 bats
  3 frilled lizards
  A giant cockroach zombie (D:5)
  2 jackal skeletons
  A kobold (D:3)
  A leopard gecko zombie (D:5)
  25 rats
465 creatures vanquished.

Vanquished Creatures (collateral kills)
  A phantasmal warrior (D:13)
  An ugly thing (D:13)
  2 orc priests (Orc:2)
  An orc wizard (Orc:2)
  3 orcs (Orc:2)
8 creatures vanquished.

Grand Total: 473 creatures vanquished

Notes
Turn   | Place    | Note
-------+----------+-------------------------------------------
     0 | D:1      | maniek23 the Minotaur Fighter began the quest for the Orb.
     0 | D:1      | Reached XP level 1. HP: 19/19 MP: 0/0
    89 | D:1      | Reached XP level 2. HP: 27/27 MP: 1/1
   219 | D:1      | Reached skill level 4 in Fighting
   433 | D:1      | Reached XP level 3. HP: 33/33 MP: 2/2
  1141 | D:2      | Reached XP level 4. HP: 41/41 MP: 3/3
  1584 | D:2      | Found a runed door.
  1588 | D:2      | Noticed Crazy Yiuf
  1594 | D:2      | Killed Crazy Yiuf
  1594 | D:2      | Reached skill level 5 in Armour
  1594 | D:2      | Reached XP level 5. HP: 37/47 MP: 4/4
  1973 | D:3      | Noticed Jessica
  1979 | D:3      | Killed Jessica
  2057 | D:3      | Noticed Terence
  2064 | D:3      | Killed Terence
  2200 | D:3      | Reached skill level 1 in Dodging
  2340 | D:3      | Reached skill level 5 in Fighting
  2542 | D:3      | Noticed Sigmund
  2548 | D:3      | Killed Sigmund
  2548 | D:3      | Reached skill level 5 in Axes
  2548 | D:3      | Reached XP level 6. HP: 55/56 MP: 5/5
  2623 | D:3      | Found a large runed door.
  2623 | D:3      | Found a large runed door.
  2629 | D:3      | Noticed Ghost6211's ghost (amateur DrIE)
  2860 | D:3      | Killed Ghost6211's ghost
  2944 | D:4      | Found Ewihym's Distillery.
  3016 | D:4      | Noticed Edmund
  3033 | D:4      | Killed Edmund
  3033 | D:4      | Reached XP level 7. HP: 50/62 MP: 6/6
  3361 | D:4      | Found a stormy altar of Qazlal.
  3372 | D:4      | Found a burning altar of Makhleb.
  3650 | D:5      | Entered Level 5 of the Dungeon
  3747 | D:5      | Reached skill level 6 in Fighting
  3747 | D:5      | Reached skill level 1 in Maces & Flails
  4536 | D:6      | Reached XP level 8. HP: 70/70 MP: 7/7
  4588 | D:6      | Found a staircase to the Ecumenical Temple.
  4596 | Temple   | Entered the Ecumenical Temple
  4725 | Temple   | Became a worshipper of Trog the Wrathful
  5048 | D:7      | Reached skill level 1 in Throwing
  5163 | D:7      | Reached skill level 7 in Fighting
  5272 | D:7      | Found Daj Xevi's General Store.
  5275 | D:7      | Bought a +0 pair of gloves of dexterity for 172 gold pieces
  5349 | D:7      | Found a sacrificial altar of Ru.
  5351 | D:7      | Found an ornate altar of the Wu Jian Council.
  5352 | D:7      | Found a white marble altar of Elyvilon.
  5377 | D:7      | Found a stormy altar of Qazlal.
  5523 | D:7      | Found a shimmering altar of Xom.
  5561 | D:7      | Reached skill level 8 in Fighting
  5561 | D:7      | Reached XP level 9. HP: 71/81 MP: 8/8
  5651 | D:7      | Reached * piety under Trog
  5651 | D:7      | Reached skill level 10 in Armour
  5964 | D:8      | Reached skill level 9 in Fighting
  6156 | D:8      | Reached ** piety under Trog
  6325 | D:8      | Found a shadowy altar of Dithmenos.
  6481 | D:9      | Identified a scroll of acquirement
  6485 | D:9      | Found Duduopel's Armour Emporium.
  6489 | D:9      | Found Bahej's Book Boutique.
  6604 | D:9      | Found Biaqiphe's Magic Scroll Shop.
  6614 | D:9      | Bought a scroll of enchant armour for 105 gold pieces
  6660 | D:9      | Reached skill level 10 in Fighting
  6712 | D:9      | Found a staircase to the Orcish Mines.
  6758 | D:9      | Found an opulent altar of Gozag.
  6820 | D:9      | Found Nietuq's Gadget Boutique.
  6958 | D:9      | Noticed Psyche
  6964 | D:9      | Killed Psyche
  6964 | D:9      | Reached XP level 10. HP: 71/93 MP: 9/9
  7514 | D:9      | Reached skill level 5 in Dodging
  7557 | Orc:1    | Entered Level 1 of the Orcish Mines
  7886 | Orc:1    | Reached *** piety under Trog
  7985 | Orc:1    | Reached skill level 11 in Fighting
  7987 | Orc:1    | Noticed an orc high priest
  7991 | Orc:1    | Noticed a rust devil
  7991 | Orc:1    | Noticed an orange demon
  8363 | Orc:1    | Killed an orc high priest
  8465 | Orc:1    | Noticed an orc high priest
  8467 | Orc:1    | Noticed a smoke demon
  8467 | Orc:1    | Noticed a smoke demon
  8779 | D:10     | Entered Level 10 of the Dungeon
  8873 | D:10     | Reached XP level 11. HP: 61/104 MP: 10/10
  9300 | D:10     | Reached skill level 12 in Fighting
  9333 | D:10     | Reached **** piety under Trog
 10017 | D:10     | Found a staircase to the Lair.
 10385 | D:11     | Reached skill level 13 in Fighting
 10497 | D:11     | Noticed an unseen horror
 10510 | D:11     | Killed an unseen horror
 10510 | D:11     | Received a gift from Trog
 10663 | D:11     | Noticed Grum
 10685 | D:11     | Killed Grum
 10762 | D:11     | Reached ***** piety under Trog
 10772 | D:11     | Noticed Josephine
 10785 | D:11     | Killed Josephine
 10798 | D:11     | Reached XP level 12. HP: 78/115 MP: 11/11
 10826 | D:11     | Noticed a four-headed hydra
 10843 | D:11     | Killed a nine-headed hydra
 10843 | D:11     | Reached skill level 10 in Axes
 12155 | D:13     | Noticed a tengu warrior
 12165 | D:13     | Killed a tengu warrior
 12511 | D:13     | Noticed a two-headed ogre
 12520 | D:13     | Killed a two-headed ogre
 12520 | D:13     | Reached skill level 5 in Shields
 12609 | D:13     | Reached skill level 14 in Fighting
 12757 | D:13     | Noticed an ettin
 12757 | D:13     | Noticed a death knight
 12798 | D:13     | Killed an ettin
 13203 | D:13     | Identified the Collected Works on Curses
 13207 | D:13     | Got an ichor-stained hand axe
 13218 | D:13     | Identified the +8 hand axe of Pilloj {drain, +Rage MR+}
                  | (You found it on level 13 of the Dungeon)
 13251 | D:13     | Noticed Sonja
 13260 | D:13     | Noticed a vault guard
 13263 | D:13     | Reached skill level 10 in Dodging
 13267 | D:13     | Noticed a vault guard
 13269 | D:13     | Received a gift from Trog
 13277 | D:13     | Killed a vault guard
 13294 | D:13     | Noticed a vault guard
 13295 | D:13     | Killed a vault guard
 13295 | D:13     | Reached XP level 13. HP: 75/125 MP: 12/12
 13318 | D:13     | Killed Sonja
 13343 | D:13     | Found a gate to the Vaults.
 13784 | D:9      | Bought a +2 pair of boots for 198 gold pieces
 13784 | D:9      | Bought a +3 chain mail of fire resistance for 318 gold
                  | pieces
 14140 | Orc:1    | Found a roughly hewn altar of Beogh.
 14259 | Orc:2    | Entered Level 2 of the Orcish Mines
 14296 | Orc:2    | Found Miarr's Weapon Shoppe.
 14460 | Orc:2    | Found a staircase to the Elven Halls.
 14932 | Orc:2    | Received a gift from Trog
 14971 | Orc:2    | Slain by an orc knight

Skill      XL: |  1  2  3  4  5  6  7  8  9 10 11 12 13 |
---------------+----------------------------------------+-----
Shields        | 4 6 8 |  8.0
Fighting       | 4 5 6 8 10 11 13 14 | 14.9
Armour         | 4 5 6 7 9 11 12 | 12.7
Axes           | 3 4 5 6 7 9 12 13 | 13.1
Dodging        | 1 2 3 6 9 10 | 10.5
Maces & Flails | 2 |  2.5
Throwing       | 3 4 |  4.7

Action                   |  1- 3 |  4- 6 |  7- 9 | 10-12 | 13-15 || total
-------------------------+-------+-------+-------+-------+-------++-------
Melee: War axe           |    84 |   129 |       |       |       ||   213
       Headbutt          |    15 |    23 |    75 |   187 |    30 ||   330
       Flail             |       |       |   415 |   390 |       ||   805
       Hand axe          |       |       |       |   331 |   166 ||   497
Throw: Javelin           |       |       |     8 |       |       ||     8
       Tomahawk          |       |       |    13 |    42 |    17 ||    72
Invok: Berserk           |       |       |       |    11 |     2 ||    13
       Trog's Hand       |       |       |       |     1 |       ||     1
       Brothers in Arms  |       |       |       |     1 |     3 ||     4
  Use: Scroll            |       |     3 |    14 |     6 |     2 ||    25
       Potion            |       |       |     1 |     2 |     2 ||     5
 Stab: Distracted        |       |       |       |     1 |     2 ||     3
  Eat: Chunk             |     1 |     6 |    18 |    28 |     5 ||    58
       Ration            |       |       |       |     2 |     1 ||     3
Armor: Scale mail        |    36 |    34 |    72 |   263 |     8 ||   413
       Plate armour      |       |    10 |   174 |       |       ||   184
       Chain mail        |       |       |       |       |     8 ||     8
       Skin              |       |       |       |       |     6 ||     6
Dodge: Dodged            |    21 |    33 |   102 |   315 |    61 ||   532
Block: Shield            |    39 |    64 |   235 |   294 |    72 ||   704
